 Dungeon Crawl Stone Soup version 0.28.0-62-gf88900778d (webtiles) character file.

Game seed: 1642357536777342407

3676 Coron the Fighter (level 9, -3/91 HPs)
             Began as a Deep Dwarf Air Elementalist on Mar 13, 2023.
             Was a Priest of Ignis.
             Slain by a boulder beetle (25 damage)
             ... on level 8 of the Dungeon on Mar 14, 2023.
             The game lasted 00:46:50 (7499 turns).

Coron the Fighter (Deep Dwarf Air Elementalist)     Turns: 7499, Time: 00:46:51

Health: -3/91      AC:  8    Str: 14    XL:     9   Next: 89%
Magic:  10/10      EV: 11    Int: 16    God:    Ignis [***...]
Gold:   399        SH:  6    Dex: 13    Spells: 11/12 levels left

rFire   + . .      SeeInvis .   n - +12 broad axe of Hesigess {holy, Drain rPois Will+++ Str-2}
rCold   + . .      Faith    .   F - +2 buckler
rNeg    . . .      Spirit   .   m - +0 ring mail
rPois   +          Reflect  .   (no helmet)
rElec   .          Harm     .   q - +0 cloak
rCorr   .          Rampage  .   (no gloves)
Will    ++++.                   (no boots)
Stlth   ++........              (no amulet)
HPRegen 0.00/turn               r - ring of protection from cold
MPRegen 0.12/turn               (no ring)

@: no status effects
A: damage resistance, heal wounds, sense surroundings 2, no regeneration
a: Heal Wounds, Renounce Religion, Fiery Armour, Foxfire Swarm, Rising Flame


You were on level 8 of the Dungeon.
You worshipped Ignis.
Ignis was most pleased with you.
You visited 2 branches of the dungeon, and saw 9 of its levels.

You collected 399 gold pieces.

Inventory:

Hand Weapons
 d - a +1 dagger of venom
 n - the +12 broad axe of Hesigess (weapon) {holy, Drain rPois Will+++ Str-2}
   (You acquired it on level 8 of the Dungeon)

   It has been blessed by the Shining One to cause great damage to the undead
   and demons.
   Str:       It affects your strength (-2).
   rPois:     It protects you from poison.
   Drain:     It drains your maximum health when unequipped.
   Will:      It greatly increases your willpower.
Missiles
 j - 14 poisoned darts
 l - 7 curare-tipped darts (quivered)
 B - 8 javelins
Armour
 i - a scarf of repulsion
 m - a +0 ring mail (worn)
 q - a +0 cloak (worn)
 F - a +2 buckler (worn)
Jewellery
 r - a ring of protection from cold (left hand)
Wands
 o - a wand of flame (14)
Scrolls
 e - 4 scrolls of teleportation
 g - 2 scrolls of torment
 p - 3 scrolls of amnesia
 s - a scroll of enchant weapon {unknown}
 v - a scroll of magic mapping {unknown}
 w - a scroll of summoning {unknown}
 x - a scroll of blinking
 D - a scroll of fear
 E - 2 scrolls of identify
Potions
 b - 4 potions of curing
 f - 2 potions of haste
 A - a potion of invisibility
 C - 2 potions of berserk rage


   Skills:
 - Level 9.0 Fighting
 - Level 2.0 Short Blades
 + Level 3.3 Axes
 - Level 8.0 Armour
 - Level 4.0 Dodging
 - Level 3.0 Stealth
 + Level 2.3 Shields
 - Level 2.0 Spellcasting
 - Level 1.0 Conjurations
 - Level 2.2 Air Magic
 - Level 5.0 Evocations


You had 11 spell levels left.
You knew the following spells:

 Your Spells              Type           Power      Damage    Failure   Level
a - Shock                 Conj/Air       24%        1d4       26%         1

Your spell library contained the following spells:

 Spells                   Type           Power      Damage    Failure   Level
 Static Discharge         Conj/Air       6%         N/A       36%         2
 Animate Skeleton         Necr           2%         N/A       45%         1
 Apportation              Tloc           2%         N/A       45%         1
 Pain                     Necr           4%         1d4       45%         1
 Summon Small Mammal      Summ           4%         N/A       45%         1
 Swiftness                Air            8%         N/A       52%         3
 Vampiric Draining        Necr           1%         2d6       83%         3
 Airstrike                Air            4%         N/A       90%         4


Dungeon Overview and Level Annotations

Branches:
Dungeon (8/15)             Temple (1/1) D:6
   Lair: D:8-11

Altars:
Ashenzari
Elyvilon
Gozag
Hepliaklqana
Kikubaaqudgha
Makhleb
Nemelex Xobeh
Okawaru
Qazlal
Ru
Sif Muna
Trog
Uskayaw
Wu Jian
Xom
Yredelemnul
Zin
The Shining One
Ignis

Shops:
D:8 *

Annotations:
D:3 1 runed translucent door, tkbsonic5's ghost, amateur MiFi
D:7 exclusion: two-headed ogre


Innate Abilities, Weirdness & Mutations

You are resistant to damage.
You can heal yourself by infusing magical energy.
You passively map the area around you.
You do not regenerate.


Message History

The howler monkey hits you.
The orc wizard hits you but does no damage.
You block the howler monkey's attack.
You closely miss the howler monkey. The howler monkey misses you.
You slice the howler monkey!!
You kill the howler monkey!
The boulder beetle curls into a ball and begins rolling!
You see here a howler monkey corpse.
The orc wizard barely misses you.
You barely miss the orc wizard.
You hit the boulder beetle but do no damage.
The boulder beetle leaps!
You closely miss the howler monkey. The howler monkey misses you.
You closely miss the howler monkey. The howler monkey barely misses you.
The howler monkey hits you.
You slice the howler monkey!!
You kill the howler monkey!
The boulder beetle bites you!!
* * * LOW HITPOINT WARNING * * *
You slash the boulder beetle!
The boulder beetle is lightly wounded.
The boulder beetle leaps!
You closely miss the orc wizard.
The orc wizard hits you but does no damage.
You slash the orc wizard!
The orc wizard is heavily wounded.
The orc wizard casts a spell at you. The magic dart hits you.
* * * LOW HITPOINT WARNING * * *
The orc wizard hits you with a +0 dagger.
You barely miss the orc wizard.
The orc wizard is heavily wounded.
You hit the boulder beetle.
The boulder beetle is lightly wounded.
The boulder beetle bites you.
* * * LOW HITPOINT WARNING * * *
You hit the boulder beetle but do no damage.
The boulder beetle is lightly wounded.
The boulder beetle closely misses you. The boulder beetle bites you!!
You die...

, *, ** .#. #
#.##......##. ,,
.h###...#..#........ ,
, ,
#*#B#.#..#..#........
,##B*#...#.##.#........
* *
#...##†.!##.##.....#..
,* *#* ,
,#..#####.#.#..##### ,
.#. ** ###o.#..#.##..#
,
#...#######B..##.###..#
* * ####......@####.##
...............##### ,
........).)........##.*
....#####)............#
* ** ###
#.)....##########
#......# #......#
#......# ########


You could see a boulder beetle and an orc wizard.

Vanquished Creatures
  2 steam dragons (D:7)
  A water moccasin (D:5)
  A hornet zombie (D:6)
  A sky beast (D:7)
  An ice beast (D:7)
  6 necrophages
  2 ogres (D:5)
  3 centaurs
  A kobold brigand (D:8)
  6 bullfrogs
  A gnoll sergeant (D:8)
  2 scorpions (D:4)
  3 wights
  4 howler monkeys
  2 bullfrog zombies
  4 centaur zombies
  An orc priest (D:7)
  3 hounds
  A human zombie (D:4)
  2 jellies
  A centaur skeleton (D:6)
  2 iguanas
  5 orc wizards
  A hound zombie (D:4)
  A mummy (D:4)
  3 gnolls (D:8)
  5 adders
  4 shadow imps
  2 white imps
  An ufetubus (D:6)
  An adder zombie (D:4)
  A worm (D:3)
  4 dart slugs
  19 orcs
  4 ball pythons
  8 bats
  3 endoplasms
  8 giant cockroaches
  8 hobgoblins
  5 jackals
  8 kobolds
  5 quokkas
  A frilled lizard (D:3)
  4 goblins
  A quokka zombie (D:4)
  5 rats
157 creatures vanquished.

Vanquished Creatures (others)
  An orc wizard (D:8)
  A demonic plant (D:1)
  30 foxfires
  4 fungi (D:1)
  3 plants
39 creatures vanquished.

Grand Total: 196 creatures vanquished

Notes
Turn   | Place    | Note
-------+----------+-------------------------------------------
     0 | D:1      | Coron the Deep Dwarf Air Elementalist began the quest for
                  | the Orb.
     0 | D:1      | Reached XP level 1. HP: 15/15 MP: 3/3
    83 | D:1      | Reached skill level 1 in Conjurations
   367 | D:1      | Reached XP level 2. HP: 13/22 MP: 1/5
   478 | D:1      | Found a faded altar of an unknown god.
   561 | D:1      | Prayed at the altar of an unknown god.
   561 | D:1      | Became a worshipper of Ignis, the Dying Flame
   796 | D:1      | Reached skill level 1 in Fighting
   796 | D:1      | Reached XP level 3. HP: 31/31 MP: 2/6
  1942 | D:3      | Reached skill level 2 in Fighting
  2005 | D:3      | Reached skill level 1 in Armour
  2005 | D:3      | Reached XP level 4. HP: 23/39 MP: 7/7
  2380 | D:3      | Found a runed translucent door.
  2384 | D:3      | Noticed tkbsonic5's ghost (amateur MiFi)
  3271 | D:4      | Reached XP level 5. HP: 25/45 MP: 8/8
  3466 | D:4      | Reached skill level 3 in Fighting
  3482 | D:4      | Reached XP level 6. HP: 25/56 MP: 8/8
  3553 | D:4      | Reached skill level 5 in Armour
  3601 | D:4      | Found an ancient bone altar of Kikubaaqudgha.
  3640 | D:4      | Reached XP level 7. HP: 34/62 MP: 9/9
  3695 | D:4      | Reached skill level 4 in Fighting
  3712 | D:4      | Reached skill level 1 in Short Blades
  4210 | D:4      | Found a burning altar of Makhleb.
  4361 | D:5      | Entered Level 5 of the Dungeon
  4622 | D:5      | Reached skill level 5 in Fighting
  4622 | D:5      | Reached XP level 8. HP: 40/74 MP: 9/9
  5073 | D:6      | Reached skill level 6 in Fighting
  5498 | D:6      | Found a staircase to the Ecumenical Temple.
  5508 | Temple   | Entered the Ecumenical Temple
  5664 | D:6      | Reached skill level 7 in Fighting
  5664 | D:6      | Reached skill level 5 in Evocations
  5664 | D:6      | Gained mutation: You passively map the area around you.
                  | [Deep Dwarf growth]
  5664 | D:6      | Reached XP level 9. HP: 32/86 MP: 10/10
  6301 | D:7      | Noticed a two-headed ogre
  6420 | D:7      | Reached skill level 8 in Fighting
  6927 | D:8      | Found Zumak's Assorted Antiques.
  7147 | D:8      | Identified a scroll of acquirement
  7148 | D:8      | Acquired the +12 broad axe of Hesigess {holy, Drain rPois
                  | Will+++ Str-2}
  7188 | D:8      | Reached skill level 1 in Axes
  7227 | D:8      | Reached skill level 9 in Fighting
  7271 | D:8      | Reached skill level 1 in Shields
  7479 | D:8      | Noticed a boulder beetle
  7499 | D:8      | Slain by a boulder beetle

Illustrated notes

Levels and vault maps discovered:
D:1:      dpeg_arrival_court, layout_rooms, shapermc_ecumenical_altar_gd,
          minmay_misc_feat_enclosed
D:2:      layout_loops_cross, fountainhead, bh_walls_and_bars
D:3:      layout_basic, ebering_ghost_sewer_d, hangedman_decor_clover_reticule
D:4:      nicolae_cairo_tiling_large_dashed, layout_cave_pods,
          lemuel_mausoleum_altar_kikubaaqudgha,
          mainiacjoe_overflow_six_doors_small, grunt_ministairs_2
D:5:      layout_rooms
D:6:      layout_rooms, temple_green, st_stairs_5, abandoned_shop
D:7:      layout_basic, minmay_misc_feat_room, grunt_ministairs_7,
          amcnicky_mini_rare_corridor_liquid
D:8:      minmay_ornate_pinched, layout_gridville, serial_shops,
          nicolae_shop_overgrown_old_shop, uniq_harold
Temple:   lightli_temple_of_artemis

Skill      XL: |  1  2  3  4  5  6  7  8  9 |
---------------+----------------------------+-----
Conjurations   | 1 |  1.0
Spellcasting   | 2 |  2.0
Stealth        | 3 |  3.0
Dodging        | 3 4 |  4.0
Fighting       | 1 2 3 5 7 9 |  9.0
Armour         | 1 3 4 6 7 8 |  8.0
Short Blades   | 2 |  2.0
Evocations     | 5 |  5.0
Axes           | 3 |  3.3
Shields        | 2 |  2.3
Air Magic      | |  2.2

Action                   |  1- 3 |  4- 6 |  7- 9 || total
-------------------------+-------+-------+-------++-------
Melee: Unarmed           |    11 |       |       ||    11
       Dagger            |    46 |    63 |   250 ||   359
       Punch             |       |     1 |     4 ||     5
       Rapier            |       |       |    55 ||    55
       Broad axe         |       |       |    41 ||    41
 Fire: Hunting sling     |       |    64 |    75 ||   139
Throw: Dart              |       |    10 |    46 ||    56
       Javelin           |       |       |     3 ||     3
 Cast: Shock             |    65 |    22 |     4 ||    91
Invok: Fiery Armour      |       |     1 |     2 ||     3
       Foxfire Swarm     |       |       |     2 ||     2
 Abil: Heal Wounds       |     1 |     3 |    12 ||    16
Evoke: Wand              |       |       |    23 ||    23
  Use: Scroll            |     4 |     2 |     8 ||    14
       Potion            |       |       |     1 ||     1
 Stab: Sleeping          |     2 |       |     1 ||     3
Armor: Robe              |     7 |     4 |       ||    11
       Ring mail         |       |    27 |   204 ||   231
Dodge: Dodged            |    53 |    59 |   254 ||   366
       Repelled          |     2 |     1 |       ||     3
Block: Buckler           |       |       |    12 ||    12
